 Dungeon Crawl Stone Soup version 0.28-a0-1152-g9c71ebef14 (webtiles) character file.

Game seed: 611915161510409067

3213 Snarg the Sneak (level 9, -3/111 HPs)
             Began as a Demigod Wanderer on Dec 15, 2021.
             Slain by an eight-headed hydra (10 damage)
             ... on level 8 of the Dungeon.
             The game lasted 00:45:54 (11998 turns).

Snarg the Sneak (Demigod Wanderer)                 Turns: 11998, Time: 00:45:54

Health: -3/111     AC:  8    Str: 24    XL:     9   Next: 38%
Magic:  15/15      EV: 12    Int: 22    God:
Gold:   173        SH:  0    Dex: 12    Spells: 8/12 levels left

rFire   . . .      SeeInvis .   a - +2 dagger (venom)
rCold   . . .      Faith    .   (no shield)
rNeg    . . .      Spirit   .   n - +0 leather armour
rPois   .          Reflect  .   r - +1 helmet
rElec   .          Harm     .   A - +2 cloak
rCorr   .          Rampage  .   (no gloves)
Will    +....                   (no boots)
Stlth   ..........              (no amulet)
HPRegen 0.28/turn               D - ring of willpower
MPRegen 0.14/turn               I - +6 ring of intelligence

@: berserking, very quick
A: high mp 1, forlorn, divine attributes
a: no special abilities


You were on level 8 of the Dungeon.
You visited 2 branches of the dungeon, and saw 9 of its levels.

You collected 353 gold pieces.
You spent 180 gold pieces at shops.

Inventory:

Hand Weapons
 a - a +2 dagger of venom (weapon)
 b - a +0 falchion
 c - a +0 quarterstaff
 o - a +5 dagger
 p - a +2 dagger
 G - a +0 scimitar
Missiles
 f - 3 boomerangs
 g - 216 stones
 i - 38 poisoned darts (quivered)
Armour
 k - a +0 kite shield
 n - a +0 leather armour (worn)
 r - a +1 helmet (worn)
 A - a +2 cloak (worn)
 B - a +0 scale mail of cold resistance
 H - a +0 plate armour
Magical Staves
 l - a staff of death
 m - a staff of air
Jewellery
 D - a ring of willpower (left hand)
 I - a +6 ring of intelligence (right hand)
Wands
 j - a wand of acid (7)
 E - a wand of flame (42)
Scrolls
 d - 2 scrolls of blinking
 h - a scroll of fog
 q - a scroll of teleportation
 x - a scroll of silence {unknown}
 y - a scroll of immolation {unknown}
 C - a scroll of enchant weapon {unknown}
 F - a scroll of identify
Potions
 e - 2 potions of cancellation
 s - 2 potions of haste
 t - 2 potions of curing
 v - a potion of mutation
 w - a potion of magic
 z - a potion of ambrosia


   Skills:
 - Level 5.0 Fighting
 + Level 4.2(4.3) Short Blades
 - Level 1.0(2.8) Long Blades
 - Level 1.0 Throwing
 - Level 4.0 Armour
 + Level 2.8 Dodging
 - Level 6.0 Stealth
 - Level 1.0 Shields
 - Level 2.0 Spellcasting
 - Level 5.0 Conjurations
 - Level 3.0 Air Magic
 - Level 4.0 Poison Magic
 - Level 3.0 Evocations


You had 8 spell levels left.
You knew the following spells:

 Your Spells              Type           Power      Damage    Failure   Level
a - Magic Dart            Conj           96%        1d7       1%          1
b - Mephitic Cloud        Conj/Pois/Air  19%        N/A       9%          3

Your spell library contained the following spells:

 Spells                   Type           Power      Damage    Failure   Level
 Apportation              Tloc           4%         N/A       16%         1
 Call Imp                 Summ           2%         N/A       22%         2
 Alistair's Intoxication  Tmut/Pois      7%         N/A       88%         5


Dungeon Overview and Level Annotations

Branches:
Dungeon (8/15)             Temple (1/1) D:5
   Lair: D:8-11

Shops:
D:1 *[*

Annotations:
D:1 clr
D:2 clr
D:3 2 transporters, Cancer's ghost, amateur GrCj
D:4 1 runed translucent door, Crazy Yiuf; Grinder
D:5 clr
D:6 lr
D:7 clrclr


Innate Abilities, Weirdness & Mutations

You have an increased reservoir of magic. (+10% MP)
You shall have no god before yourself.
Your divine heritage dramatically boosts your attributes as you level up.


Message History

The eight-headed hydra closely misses you.
The eight-headed hydra bites you but does no damage.
The eight-headed hydra bites you.
A red film seems to cover your vision as you go berserk!
You feel yourself moving faster!
You feel mighty!
The eight-headed hydra bites you but does no damage.
The eight-headed hydra bites you!
The eight-headed hydra closely misses you.
The eight-headed hydra misses you. The eight-headed hydra bites you!
The eight-headed hydra barely misses you.
The eight-headed hydra bites you but does no damage.
The eight-headed hydra bites you.
Unknown command.
You hit the eight-headed hydra.
The eight-headed hydra is severely wounded.
Unknown command.
You hit the eight-headed hydra.
The eight-headed hydra is severely wounded.
The eight-headed hydra barely misses you.
The eight-headed hydra completely misses you.
The eight-headed hydra bites you. The eight-headed hydra bites you!
* * * LOW HITPOINT WARNING * * *
The eight-headed hydra closely misses you.
The eight-headed hydra bites you.
* * * LOW HITPOINT WARNING * * *
The eight-headed hydra closely misses you.
The eight-headed hydra misses you.
You puncture the eight-headed hydra!
The eight-headed hydra is almost dead.
Unknown command.
You puncture the eight-headed hydra!
The eight-headed hydra is almost dead.
The eight-headed hydra bites you.
* * * LOW HITPOINT WARNING * * *
The eight-headed hydra bites you!
* * * LOW HITPOINT WARNING * * *
The eight-headed hydra bites you but does no damage. x3
The eight-headed hydra closely misses you.
The eight-headed hydra bites you!
You die...

#..
...................
####..############.#
#..# #.# ##..# #.#
....# #.# #.#.# #.#
#### ##########.#.#
#.# ...#
#............# #.#
##.# #.########@###
#.# #.# #.# #D# #.#
#.# #.# #.# #.# #.#
#.# #.# #.# #.# #.#
#.# #.# #.# #.# #.#
#.. #.# #.# #.# ###
#.# #.# #.# #
#.####.# #


You could see an eight-headed hydra.

Vanquished Creatures
  A steam dragon (D:6)
  A water moccasin (D:8)
  4 orc warriors
  A black bear (D:5)
  A necrophage (D:5)
  A sky beast (D:8)
  3 ogres
  A centaur (D:8)
  A wyvern zombie (D:6)
  2 bullfrogs
  4 scorpions
  4 killer bees
  2 water moccasin skeletons (D:7)
  6 howler monkeys (D:7)
  A bullfrog zombie (D:5)
  A centaur zombie (D:6)
  3 hounds
  3 gnoll shamans
  2 centaur skeletons
  A jelly (D:3)
  2 bullfrog skeletons
  5 orc priests
  Ijyb (D:3)
  4 iguanas
  7 orc wizards
  A scorpion zombie (D:5)
  A hound skeleton (D:5)
  Robin (D:2)
  5 gnolls
  A howler monkey skeleton (D:7)
  5 adders
  A white imp (D:5)
  3 dart slugs
  A worm (D:4)
  28 orcs
  7 ball pythons
  3 bats
  8 endoplasms
  A giant cockroach (D:1)
  4 goblins (D:2)
  5 hobgoblins
  7 frilled lizards
  A jackal zombie (D:3)
  3 kobolds
  5 rats
153 creatures vanquished.

Vanquished Creatures (others)
  A plant (D:2)
1 creature vanquished.

Grand Total: 154 creatures vanquished

Notes
Turn   | Place    | Note
-------+----------+-------------------------------------------
     0 | D:1      | Snarg the Demigod Wanderer began the quest for the Orb.
     0 | D:1      | Snarg set off with the following items: a +2 dagger, a
                  | scroll of blinking, a +0 quarterstaff, a +0 falchion, a +0
                  | robe
     0 | D:1      | Reached XP level 1. HP: 16/16 MP: 3/3
   436 | D:1      | Reached skill level 1 in Short Blades
   532 | D:1      | Reached XP level 2. HP: 23/23 MP: 4/4
   637 | D:1      | Found Qoephuwk's General Store.
   849 | D:1      | Found Desso's Assorted Antiques.
   955 | D:1      | Found Ecec's Antique Armour Shop.
  1386 | D:2      | Noticed Robin
  1423 | D:2      | Killed Robin
  1443 | D:2      | Reached XP level 3. HP: 27/28 MP: 5/5
  1792 | D:2      | Reached skill level 5 in Stealth
  2613 | D:3      | Reached XP level 4. HP: 31/35 MP: 6/6
  2721 | D:3      | Found a transporter.
  2721 | D:3      | Noticed Ijyb
  2722 | D:3      | Found a transporter.
  2722 | D:3      | Noticed Cancer's ghost (amateur GrCj)
  2723 | D:3      | Noticed a gnoll sergeant
  2728 | D:3      | Killed Ijyb
  2729 | D:3      | Reached skill level 1 in Armour
  3900 | D:4      | Reached XP level 5. HP: 41/41 MP: 7/7
  3914 | D:4      | Reached skill level 1 in Throwing
  4306 | D:4      | Noticed Grinder
  4873 | D:4      | Reached XP level 6. HP: 26/48 MP: 8/8
  5031 | D:4      | Found a runed translucent door.
  5032 | D:4      | Noticed Crazy Yiuf
  5104 | D:5      | Entered Level 5 of the Dungeon
  5336 | D:5      | Reached skill level 1 in Shields
  5639 | D:5      | Learned a level 1 spell: Magic Dart
  5723 | D:5      | Reached XP level 7. HP: 45/56 MP: 6/10
  5878 | D:5      | Found a staircase to the Ecumenical Temple.
  5883 | Temple   | Entered the Ecumenical Temple
  6252 | D:5      | Reached skill level 1 in Conjurations
  6267 | D:5      | Reached skill level 1 in Spellcasting
  6284 | D:5      | Learned a level 3 spell: Mephitic Cloud
  6598 | D:5      | Reached skill level 1 in Air Magic
  7169 | D:6      | Reached XP level 8. HP: 8/63 MP: 12/12
  8822 | D:1      | Bought a glowing cloak for 180 gold pieces
  9042 | D:6      | Reached skill level 5 in Conjurations
  9042 | D:6      | Reached skill level 1 in Poison Magic
  9400 | D:7      | You fall into a shaft and drop 1 floor!
 10083 | D:7      | Reached skill level 5 in Fighting
 10083 | D:7      | Reached XP level 9. HP: 61/74 MP: 14/14
 11371 | D:7      | Reached skill level 6 in Stealth
 11991 | D:8      | Noticed an eight-headed hydra
 11998 | D:8      | Slain by an eight-headed hydra

Illustrated notes

Levels and vault maps discovered:
D:1:      minmay_arrival_doors, layout_basic,
          hellmonk_ecumenical_altar_crossroads, serial_shops,
          nicolae_shop_advertising_works [nicolae_subvault_shop_adworks], shop,
          nicolae_lakefront_shop, hangedman_abyss_or_decor_lesser_grid,
          chequers_serial_rivers_marsh
D:2:      layout_basic, basic_altar, serial_forest, infiniplex_forest_lined_3,
          infiniplex_forest_clump_small, infiniplex_forest_corner_2,
          infiniplex_forest_lined_2, infiniplex_forest_straight_2,
          infiniplex_forest_straight_2, infiniplex_forest_straight_2, uniq_robin
D:3:      minmay_skewed_foursquare, layout_basic, gammafunk_ghost_arena,
          minmay_misc_feat_chi, uniq_ijyb
D:4:      layout_basic, uniq_grinder, uniq_eustachio, uniq_crazy_yiuf_cottage
D:5:      kennysheep_six_static_rooms, layout_basic,
          minmay_temple_entry_glassed_door
D:6:      layout_basic
D:7:      layout_loops_corners, minivault_24, minmay_misc_feat_tower
D:8:      layout_loops_ring
Temple:   mainiacjoe_temple_circle_huts

Skill      XL: |  1  2  3  4  5  6  7  8  9 |
---------------+----------------------------+-----
Evocations     | 2 3 |  3.0
Short Blades   | 1 2 3 4 |  4.2
Stealth        | 5 6 |  6.0
Armour         | 1 2 3 4 |  4.0
Throwing       | 1 |  1.0
Fighting       | 2 3 5 |  5.0
Shields        | 1 |  1.0
Dodging        | 2 |  2.8
Conjurations   | 3 5 |  5.0
Spellcasting   | 1 2 |  2.0
Air Magic      | 2 3 |  3.0
Poison Magic   | 2 4 |  4.0
Long Blades    | |  1.0

Action                   |  1- 3 |  4- 6 |  7- 9 || total
-------------------------+-------+-------+-------++-------
Melee: Dagger            |    82 |   134 |   226 ||   442
       Falchion          |       |     3 |    70 ||    73
Throw: Stone             |    11 |     9 |     4 ||    24
       Dart              |     8 |    27 |    64 ||    99
       Boomerang         |       |     3 |       ||     3
 Cast: Magic Dart        |       |     6 |    20 ||    26
       Mephitic Cloud    |       |       |     5 ||     5
Evoke: Wand              |       |     2 |     2 ||     4
  Use: Scroll            |     4 |     2 |     7 ||    13
       Potion            |       |     1 |     2 ||     3
 Stab: Sleeping          |    16 |     3 |     8 ||    27
       Distracted        |     1 |       |     1 ||     2
       Confused          |       |       |     3 ||     3
Armor: Robe              |     2 |       |       ||     2
       Leather armour    |    11 |    28 |    93 ||   132
Dodge: Dodged            |    19 |    51 |   187 ||   257
Block: Kite shield       |     9 |    12 |       ||    21

Table legend: (Time is in decaauts)
 A = Elapsed time spent in this place.
 B = Non-inter-level travel time spent in this place.
 C = Inter-level travel time spent in this place.
 D = Time resting spent in this place.
 E = Time spent auto-exploring this place.
 F = Levels seen in this place.
 G = Mean time per level.
                   A        B        C        D        E       F      G
               +--------+--------+--------+--------+--------+-----+--------+
         Total |  11994 |  10923 |   1071 |   2989 |   5758 |   9 | 1332.7 |
       Dungeon |  11647 |  10595 |   1052 |   2989 |   5451 |   8 | 1455.9 |
        Temple |    346 |    327 |     19 |      0 |    307 |   1 |  346.0 |
               +--------+--------+--------+--------+--------+-----+--------+

Top non-repeatable levels by time:
     D:3: 2276 daAuts
     D:7: 2263 daAuts
     D:5: 1853 daAuts
     D:6: 1696 daAuts
     D:2: 1430 daAuts
     D:1: 1104 daAuts
     D:4: 688 daAuts
  Temple: 346 daAuts
     D:8: 335 daAuts
